 Dungeon Crawl Stone Soup version 0.25-a0-84-g11f2770 (webtiles) character file.

Game seed: 17778809054643774542, levelgen mode: deterministic

2384 DrKleor the Carver (level 9, -8/68 HPs)
             Began as a Formicid Fighter on Nov 7, 2019.
             Was a Priest of Okawaru.
             Mangled by an orc warrior
             ... wielding a +0 war axe
              (13 damage)
             ... on level 6 of the Dungeon.
             The game lasted 00:12:50 (6452 turns).

DrKleor the Carver (Formicid Fighter)               Turns: 6452, Time: 00:12:50

Health: -8/68      AC:  8    Str: 29      XL:     9   Next: 73%
Magic:  0/9        EV:  2    Int:  8      God:    Okawaru [***...]
Gold:   366        SH:  0    Dex:  0 (10) Spells: 8/8 levels left

rFire    . . .     SeeInvis +   a - +0 long sword
rCold    . . .     Gourm    .   c - +0 shield
rNeg     . . .     Faith    .   b - +0 scale mail
rPois    .         Spirit   +   (helmet unavailable)
rElec    .         Reflect  .   (no cloak)
rCorr    .         Harm     .   (no gloves)
MR       .....                  w - +0 pair of boots
Stlth    ..........             h - amulet of guardian spirit
HPRegen  0.21/turn              (no ring)
MPRegen  0.11/turn              (no ring)

@: mighty, slowed, lost dexterity, very slow
A: permanent stasis, dig shafts and tunnels, four strong arms, antennae 3
a: Dig, Shaft Self, Heroism, Renounce Religion


You were on level 6 of the Dungeon.
You worshipped Okawaru.
Okawaru was most pleased with you.
You were not hungry.

You visited 2 branches of the dungeon, and saw 7 of its levels.

You collected 422 gold pieces.
You spent 56 gold pieces at shops.

Inventory:

Hand Weapons
 a - a +0 long sword (weapon)
Armour
 b - a +0 scale mail (worn)
 c - a +0 shield (worn)
 w - a +0 pair of boots (worn)
Jewellery
 h - an amulet of guardian spirit (around neck)
Wands
 p - a wand of iceblast (12)
Scrolls
 i - 2 scrolls of identify {unknown}
 k - 3 scrolls of remove curse
 m - a scroll of amnesia {unknown}
 n - a scroll of noise {unknown}
 q - a scroll of fog {unknown}
 r - 2 scrolls of enchant armour {unknown}
 v - 2 scrolls of immolation {unknown}
 x - a scroll of magic mapping {unknown}
Potions
 e - 2 potions of degeneration {unknown}
 g - a potion of mutation {unknown}
 j - a potion of berserk rage {unknown}
 l - a potion of heal wounds
 o - a potion of brilliance {unknown}
 s - a potion of haste {unknown}
 t - a potion of invisibility {unknown}
 u - a potion of cancellation {unknown}
Comestibles
 f - 13 rations
 z - 3 chunks of flesh


   Skills:
 - Level 5.0 Fighting
 + Level 11.8 Long Blades
 - Level 3.2 Armour
 - Level 3.6 Shields


You had 8 spell levels left.
You didn't know any spells.
Your spell library was empty.

Dungeon Overview and Level Annotations

Branches:
Dungeon (6/15)             Temple (1/1) D:4

Altars:
Cheibriados
Makhleb
Nemelex Xobeh
Okawaru
Qazlal
Ru
Trog
Uskayaw
Vehumet
Yredelemnul
Zin
The Shining One

Shops:
D:4 *   D:5 =


Innate Abilities, Weirdness & Mutations

You cannot be hasted, slowed, berserked, paralysed or teleported.
You can dig through walls and to a lower floor.
Your four strong arms can wield two-handed weapons with a shield.
You have a pair of large antennae on your head. (SInv)


Message History

The orc warrior hits you with a +0 war axe!
You closely miss the orc warrior.
The orc warrior is heavily wounded.
The orc warrior hits you with a +0 war axe!
You closely miss the orc warrior.
The orc warrior is heavily wounded.
The orc warrior hits you with a +0 war axe!!
* * * LOW HITPOINT WARNING * * *
You hit the orc warrior.
The orc warrior is heavily wounded.
The orc warrior hits you with a +0 war axe.
* * * LOW HITPOINT WARNING * * *
You closely miss the orc warrior.
The orc warrior is heavily wounded.
You feel like a meek peon again.
You feel very mighty all of a sudden.
The orc warrior hits you with a +0 war axe!
* * * LOW HITPOINT WARNING * * *
The orc warrior hits you with a +0 war axe!
You die...

# .#......{....o..
#. #.####.#####....
#.##.###...####....
#.......{.o.....
#.#.##.###...######
#.###.####.##
#..........## #.#
####..#####o# #.#
#.## #@## #.#
##.######.# ### #.#
..........# #.#
....#####..# #.#
...# #..# #.# .#.#
#..# ###.# .#.#
#..# #...# .#.#
#..# #(###### .#.#
##..# #<##...


You could see an orc warrior.

Vanquished Creatures
  Pikel (D:5)
  6 yaks (D:5)
  A sky beast (D:5)
  A phantom (D:5)
  A bullfrog (D:6)
  A water moccasin skeleton (D:4)
  A howler monkey (D:4)
  2 crimson imps
  A bullfrog zombie (D:6)
  3 hounds
  4 quasits (D:5)
  4 orc priests
  5 orc wizards
  2 worker ants
  A howler monkey zombie (D:5)
  4 adders
  4 gnolls (D:2)
  An ooze (D:1)
  2 worms
  2 dart slugs
  3 leopard geckos
  15 orcs
  A ball python (D:1)
  3 bats
  5 giant cockroaches
  4 goblins
  7 hobgoblins
  9 jackals
  7 kobolds
  A quokka (D:2)
  3 frilled lizards
  A leopard gecko skeleton (D:4)
  A leopard gecko zombie (D:6)
  3 rats
110 creatures vanquished.

Vanquished Creatures (others)
  A centaur zombie (D:5)
  A quokka (D:5)
2 creatures vanquished.

Grand Total: 112 creatures vanquished

Notes
Turn   | Place    | Note
-------+----------+-------------------------------------------
     0 | D:1      | DrKleor the Formicid Fighter began the quest for the Orb.
     0 | D:1      | Reached XP level 1. HP: 18/18 MP: 1/1
   182 | D:1      | Reached XP level 2. HP: 24/24 MP: 2/2
   459 | D:2      | Reached XP level 3. HP: 28/30 MP: 3/3
   896 | D:2      | Reached skill level 3 in Long Blades
  1005 | D:2      | Reached XP level 4. HP: 35/38 MP: 4/4
  1295 | D:2      | Reached XP level 5. HP: 11/43 MP: 1/5
  1782 | D:2      | Reached skill level 5 in Fighting
  1785 | D:2      | Reached skill level 4 in Long Blades
  2672 | D:4      | Found Egesesh's General Store.
  2744 | D:4      | Bought a potion of might for 56 gold pieces
  2747 | D:4      | Found a staircase to the Ecumenical Temple.
  2767 | Temple   | Entered the Ecumenical Temple
  2776 | Temple   | Became a worshipper of Warmaster Okawaru
  2845 | D:4      | Reached XP level 6. HP: 26/51 MP: 2/6
  2846 | D:4      | Reached skill level 5 in Long Blades
  3272 | D:4      | Reached skill level 6 in Long Blades
  3272 | D:4      | Reached XP level 7. HP: 42/56 MP: 5/7
  3616 | D:4      | Reached * piety under Okawaru
  3983 | D:5      | Entered Level 5 of the Dungeon
  4007 | D:5      | Noticed a yak
  4132 | D:5      | Noticed a yak
  4164 | D:5      | Killed a yak
  4164 | D:5      | Reached skill level 7 in Long Blades
  4171 | D:5      | Killed a yak
  4171 | D:5      | Reached skill level 8 in Long Blades
  4171 | D:5      | Reached XP level 8. HP: 17/62 MP: 2/8
  4476 | D:5      | Noticed Pikel
  4507 | D:5      | Killed Pikel
  4507 | D:5      | Reached ** piety under Okawaru
  4507 | D:5      | Reached skill level 9 in Long Blades
  4750 | D:5      | Noticed a yak
  4750 | D:5      | Noticed a yak
  4767 | D:5      | Noticed a yak
  4769 | D:5      | Killed a yak
  4769 | D:5      | Reached skill level 10 in Long Blades
  4769 | D:5      | Reached XP level 9. HP: 54/68 MP: 5/9
  4797 | D:5      | Reached *** piety under Okawaru
  4815 | D:5      | Reached skill level 11 in Long Blades
  5135 | D:5      | Found Jyarod's Jewellery Shop.
  5761 | D:5      | Lost dexterity.
  6452 | D:6      | Mangled by an orc warrior

Levels and vault maps discovered:
D:1:      psy_arrival_heroes, layout_basic
D:2:      cheibrodos_pilgrimage, layout_loops_ring
D:3:      layout_basic, first_ration
D:4:      layout_basic, minmay_temple_entry_junction, serial_shops,
          nicolae_shop_window_shopping, minmay_joined_circles
D:5:      cheibrodos_quashed, layout_loops_ring, serial_shops,
          nicolae_shop_crystal, uniq_pikel
D:6:      layout_loops_ring, kennysheep_mini_moat, basic_altar, serial_shops,
          shop_fountains, st_stairs_14
Temple:   grunt_wide_crystal_templ

Skill      XL: |  1  2  3  4  5  6  7  8  9 |
---------------+----------------------------+-----
Fighting       | 4 5 |  5.0
Long Blades    | 3 4 6 8 10 11 | 11.8
Armour         | |  3.2
Shields        | |  3.6

Action                   |  1- 3 |  4- 6 |  7- 9 || total
-------------------------+-------+-------+-------++-------
Melee: Long sword        |    80 |   147 |   358 ||   585
Invok: Heroism           |       |       |     3 ||     3
 Abil: Dig               |     1 |     2 |     4 ||     7
  Use: Scroll            |       |     2 |       ||     2
       Potion            |       |       |     2 ||     2
  Eat: Chunk             |       |     8 |     9 ||    17
       Ration            |       |       |     1 ||     1
Armor: Scale mail        |    18 |    46 |   218 ||   282
Dodge: Dodged            |    26 |    35 |   124 ||   185
Block: Shield            |    46 |    60 |   114 ||   220
       Rpst.: Long sword |     6 |    14 |    24 ||    44

Table legend:
 A = Non-vault XP
 B = Vault XP
 C = Vault XP percentage of total XP
 D = Non-vault monster count
 E = Vault monster count
 F = Vault count percentage of total count
                 A         B        C        D         E       F
            +---------+---------+-------+---------+---------+-------
      Total |    2323 |    1084 |  31.8 |      89 |      21 |  19.1
            +---------+---------+-------+---------+---------+-------
        D:1 |      28 |       0 |   0.0 |      12 |       0 |   0.0
        D:2 |      98 |      93 |  48.7 |      23 |       7 |  23.3
        D:3 |      39 |       0 |   0.0 |      15 |       0 |   0.0
        D:4 |     261 |     212 |  44.8 |      13 |       8 |  38.1
        D:5 |    1562 |     774 |  33.1 |      13 |       5 |  27.8
        D:6 |     335 |       5 |   1.5 |      13 |       1 |   7.1
            +---------+---------+-------+---------+---------+-------
